 Dungeon Crawl Stone Soup version 0.18-a0-1526-gcb34c7c (webtiles) character file.

326 MDvedh the Vexing (level 6, 0/28 HPs)
             Began as a Spriggan Enchanter on Mar 8, 2016.
             Was an Initiate of Okawaru.
             Slain by a gnoll
             ... wielding a +0 halberd
              (9 damage)
             ... on level 4 of the Dungeon.
             The game lasted 00:11:01 (4959 turns).

MDvedh the Vexing (Spriggan Enchanter)              Turns: 4959, Time: 00:11:02

Health: 0/28       AC:  5    Str:  4    XL:     6   Next: 24%
Magic:  0/11       EV: 18    Int: 17    God:    Okawaru [......]
Gold:   198        SH:  0    Dex: 18    Spells: 3 memorised, 5 levels left

rFire  . . .     SeeInvis +     a - +2 dagger
rCold  . . .     Gourm    .     b - +1 robe
rNeg   . . .     Faith    .     (shield restricted)
rPois  .         Spirit   .     (helmet restricted)
rElec  .         Dismiss  .     u - +1 cloak
rCorr  .         Reflect  .     (gloves unavailable)
SustAt .         Harm     .     (boots unavailable)
MR     +....                    (no amulet)
Stlth  +++.......               s - ring of wizardry
                                o - ring of wizardry

@: very slightly contaminated, very quick, somewhat resistant to hostile
enchantments, fairly stealthy
A: unfitting armour, see invisible, herbivore 3, speed 3, slow metabolism 2
a: Renounce Religion


You were on level 4 of the Dungeon.
You worshipped Okawaru.
Okawaru was noncommittal.
You were not hungry.

You visited 2 branches of the dungeon, and saw 5 of its levels.

You collected 198 gold pieces.

Inventory:

Hand Weapons
 a - a +2 dagger (weapon)
Armour
 b - a +1 robe (worn)
 u - a +1 cloak (worn)
Jewellery
 o - a ring of wizardry (left hand)
 p - an uncursed amulet of guardian spirit
 q - an uncursed ring of ice
 s - a ring of wizardry (right hand)
 x - an uncursed ring of protection from cold {unknown}
Wands
 v - a wand of disintegration (24/24)
Scrolls
 e - a scroll of recharging
 f - a scroll of fear
 g - 5 scrolls of remove curse
 m - a scroll of teleportation
Potions
 j - 3 potions of agility
 l - 3 potions of lignification
 r - 3 potions of curing {unknown}
 t - a potion of haste {unknown}
Books
 c - a book of Maledictions

   Spells                             Type                      Level
   a - Corona                         Hexes                        1
   b - Ensorcelled Hibernation        Hexes/Ice                    2
   c - Confuse                        Hexes                        3
   d - Tukima's Dance                 Hexes                        3
   e - Dazzling Spray                 Conjuration/Hexes            3


   Skills:
 + Level 4.7 Short Blades
 - Level 3.0 Dodging
 - Level 4.4 Stealth
 - Level 3.3 Spellcasting
 + Level 6.4 Hexes


You had 5 spell levels left.
You knew the following spells:

 Your Spells              Type           Power        Failure   Level  Hunger
a - Corona                Hex            ###....      1%          1    None
b - Ensorcelled Hibernat  Hex/Ice        ##....       2%          2    ##.....
c - Confuse               Hex            ###.....     1%          3    ###....


Dungeon Overview and Level Annotations

Branches:
Dungeon (4/15)             Temple (1/1) D:4

Altars:
Ashenzari
Cheibriados
Dithmenos
Fedhas
Gozag
Kikubaaqudgha
Makhleb
Nemelex Xobeh
Okawaru
Qazlal
Ru
Sif Muna
Trog
Vehumet
Xom
Yredelemnul
Zin
The Shining One


Innate Abilities, Weirdness & Mutations

You are tiny and cannot use many weapons and most armour.
You have supernaturally acute eyesight.
You are a herbivore.
You cover ground extremely quickly.
You need consume almost no food.


Message History

You hit the gnoll but do no damage. The gnoll closely misses you.
The gnoll hits you with a halberd!
* * * LOW HITPOINT WARNING * * *
Unknown command.
Casting: Ensorcelled Hibernation
Confirm with . or Enter, or press ? or * to list all spells.
You don't have enough magic to cast that spell.
Firing (i - inventory): No suitable missiles.
Press: ? - help, Shift-Dir - straight line, f/p - gnoll
Aim: a gnoll, wielding a halberd (moderately wounded)
Okay, then.
Casting: Ensorcelled Hibernation
Confirm with . or Enter, or press ? or * to list all spells.
Aiming: Ensorcelled Hibernation
Press: ? - help, Shift-Dir - straight line, f/p - gnoll
Aim: a gnoll, wielding a halberd (moderately wounded, chance to defeat MR: 52%)
The gnoll looks drowsy...
The gnoll barely misses you.
The gnoll hits you from afar with a halberd!
You die...

##.......#####..............#+...
*#....)..##......................
*#.......##......................
##.......##......................
.........##......................
.........##.................#....
........................###......
..............#...g...#.#g.<.....
..........<.....@.gg...........#.
†....##+#........##.....##.....#.
..................+.....##.....#.
..................#.....##.......
..................#.#'#..+.......
..................#.#'####.......
...............##.#..............
...............##.#..............
...............##................


You could see 3 gnolls.

Vanquished Creatures
  2 orc priests
  An orc wizard (D:4)
  3 worker ants (D:4)
  7 adders
  An ooze (D:3)
  A worm (D:3)
  A dart slug (D:4)
  2 giant geckos (D:2)
  10 orcs
  2 ball pythons (D:1)
  4 giant cockroaches
  8 goblins
  7 hobgoblins
  8 jackals
  8 bats
  7 giant newts
  7 kobolds
  13 rats
92 creatures vanquished.

Vanquished Creatures (others)
  An orc (D:3)
1 creature vanquished.

Grand Total: 93 creatures vanquished

Notes
Turn   | Place    | Note
--------------------------------------------------------------
     0 | D:1      | MDvedh the Spriggan Enchanter began the quest for the Orb.
     0 | D:1      | Reached XP level 1. HP: 9/9 MP: 5/5
   407 | D:1      | Reached XP level 2. HP: 4/13 MP: 7/7
   464 | D:1      | Learned a level 2 spell: Ensorcelled Hibernation
   747 | D:1      | Reached skill level 4 in Hexes
  1219 | D:1      | Reached XP level 3. HP: 16/16 MP: 8/8
  1224 | D:1      | Learned a level 3 spell: Confuse
  1937 | D:2      | Reached XP level 4. HP: 19/21 MP: 7/9
  2294 | D:2      | Reached skill level 5 in Hexes
  3329 | D:3      | Reached XP level 5. HP: 19/24 MP: 10/10
  3895 | D:4      | Found a staircase to the Ecumenical Temple.
  3902 | Temple   | Entered the Ecumenical Temple
  3997 | Temple   | Became a worshipper of Warmaster Okawaru
  4063 | D:4      | Reached skill level 6 in Hexes
  4761 | D:4      | Reached XP level 6. HP: 22/28 MP: 8/11
  4959 | D:4      | Slain by a gnoll

Vault maps used:
D:1:      minmay_arrival_split_and_join, serial_glass, glass_columns_a,
          glass_columns_a, glass_columns_c, glass_columns_c, glass_columns_c,
          glass_columns_a
D:2:      hangedman_decor_clover_reticule, minmay_lizard_king
D:3:      corner_web_ring, minmay_misc_feat_tower
D:4:      minmay_temple_entry_statues_fountains, serial_shops, shop,
          nicolae_ru_path_of_blood, uniq_sigmund
Temple:   kilobyte_greek_temple_18

Skill      XL: |  1  2  3  4  5 |
---------------+----------------+-----
Spellcasting   | 3 |  3.3
Hexes          | 4 5 6 |  6.4
Short Blades   | 2 3 4 |  4.7
Dodging        | |  3.0
Stealth        | |  4.4

Action                   |  1- 3 |  4- 6 || total
-------------------------+-------+-------++-------
Melee: Dagger            |   154 |   231 ||   385
 Cast: Corona            |     5 |       ||     5
       Ensorcelled Hiber |    12 |    31 ||    43
       Confuse           |       |     2 ||     2
  Use: Scroll            |       |    10 ||    10
 Stab: Sleeping          |    16 |    19 ||    35
       Confused          |       |     2 ||     2
  Eat: Pizza             |       |     1 ||     1
       Bread ration      |       |     1 ||     1
